 Dungeon Crawl Stone Soup version 0.27.1-3-gb3d3a73c9e (webtiles) character file.

Game seed: 10998167563073343295

135 cdecastro the Poker (level 4, -1/33 HPs)
             Began as a Demonspawn Gladiator on Oct 8, 2021.
             Was a Follower of Uskayaw.
             Slain by a river rat (5 damage)
             ... in a sewer.
             The game lasted 00:07:28 (3814 turns).

cdecastro the Poker (Demonspawn Gladiator)          Turns: 3814, Time: 00:07:28

Health: -1/33      AC:  4    Str: 15    XL:     4   Next: 97%
Magic:  3/4        EV: 12    Int:  9    God:    Uskayaw [*.....]
Gold:   60         SH:  0    Dex: 17    Spells: 3/3 levels left

rFire    . . .     SeeInvis .   q - +0 short sword
rCold    . . .     Faith    .   (no shield)
rNeg     . . .     Spirit   .   b - +0 leather armour
rPois    .         Reflect  .   c - +0 helmet
rElec    .         Harm     .   (no cloak)
rCorr    .         Rampage  .   (no gloves)
Will     .....                  (no boots)
Stlth    ++........             (no amulet)
HPRegen  0.11/turn              (no ring)
MPRegen  0.09/turn              (no ring)

@: no status effects
A: thin skeletal structure 1
a: Renounce Religion, Stomp


You were in a sewer.
You worshipped Uskayaw.
Uskayaw was noncommittal.
You visited 1 branch of the dungeon, and saw 3 of its levels.
You also visited: Sewer.

You collected 60 gold pieces.

Inventory:

Hand Weapons
 a - a +0 trident
 l - a +0 dagger
 q - a +0 short sword (weapon)
 v - a +0 hand crossbow of freezing
Missiles
 d - 3 throwing nets
 n - 14 stones (quivered)
 o - 8 boomerangs
 t - 39 arrows
 u - 15 bolts
 y - 8 poisoned darts
Armour
 b - a +0 leather armour (worn)
 c - a +0 helmet (worn)
Magical Staves
 h - a staff of conjuration
Scrolls
 f - 4 scrolls of blinking {unknown}
 g - a scroll of immolation {unknown}
 i - 5 scrolls of identify {unknown}
 j - a scroll of holy word {unknown}
 p - a scroll of magic mapping {unknown}
 s - a scroll of fog {unknown}
 w - a scroll of acquirement {unknown}
Potions
 e - a potion of curing {unknown}
 k - 2 potions of heal wounds {unknown}
 m - a potion of brilliance {unknown}
 r - a potion of might {unknown}
 x - 2 potions of magic {unknown}


   Skills:
 - Level 2.0 Fighting
 + Level 3.1 Short Blades
 - Level 3.9 Polearms
 - Level 1.7 Throwing
 - Level 2.6 Dodging


You had 3 spell levels left.
You didn't know any spells.
Your spell library contained the following spells:

 Spells                   Type           Power      Damage    Failure   Level
 Sublimation of Blood     Necr           0%         N/A       58%         2
 Wereblood                Tmut           0%         N/A       58%         2
 Summon Hydra             Summ           0%         N/A       100%        7


Dungeon Overview and Level Annotations

Branches:
Dungeon (3/15)              Sewer (1/1)

Altars:
Uskayaw

Annotations:
D:2 Sigmund


Innate Abilities, Weirdness & Mutations

You have a somewhat thin skeletal structure. (Dex +2, Stealth+)


Message History

The river rat is heavily wounded.
The river rat barely misses you.
You hit the river rat but do no damage.
The river rat is heavily wounded.
The river rat closely misses you.
You hit the river rat but do no damage.
The river rat is heavily wounded.
The river rat barely misses you.
You barely miss the river rat.
The river rat is heavily wounded.
The river rat bites you.
* * * LOW HITPOINT WARNING * * *
You hit the river rat but do no damage.
The river rat is heavily wounded.
The river rat barely misses you.
You closely miss the river rat.
The river rat is heavily wounded.
The river rat misses you.
You hit the river rat but do no damage.
The river rat is heavily wounded.
The river rat closely misses you.
You hit the river rat but do no damage.
The river rat is heavily wounded.
The river rat barely misses you.
You barely miss the river rat.
The river rat is heavily wounded.
The river rat bites you but does no damage.
You hit the river rat.
The river rat is almost dead.
The river rat barely misses you.
You can now stomp with the beat.
You closely miss the river rat.
The river rat is severely wounded.
You hit the river rat but do no damage.
The river rat is severely wounded.
The river rat bites you but does no damage.
You closely miss the river rat.
The river rat is severely wounded.
The river rat bites you.
You die...

#S....#≈≈≈≈≈≈≈....#
#.....≈≈≈≈≈≈≈≈....##
#....≈≈≈≈≈≈≈≈.....#
#.....≈≈≈≈≈≈≈.....
#....≈≈≈≈≈≈≈......
##....≈≈≈≈≈≈≈......
#...#.≈≈≈≈≈.......#
##.r.##≈.≈≈≈≈......#
#.†@###..≈≈≈≈.....##
#...##..≈≈≈.......##
##......≈≈≈......###
##......≈≈≈.....###
#......≈≈≈......#)
#.....≈≈≈.......).
#......≈≈≈.......#
......≈≈≈.......##
......≈≈≈≈≈≈....##


You could see a river rat.

Vanquished Creatures
  An adder (D:2)
  4 river rats (Sewer)
  3 dart slugs
  An orc (D:2)
  3 bats (D:1)
  5 endoplasms
  7 giant cockroaches
  3 hobgoblins
  7 jackals (D:1)
  12 kobolds
  2 quokkas (D:3)
  6 ball pythons
  2 frilled lizards (Sewer)
  9 goblins
  18 rats
83 creatures vanquished.

Notes
Turn   | Place    | Note
-------+----------+-------------------------------------------
     0 | D:1      | cdecastro the Demonspawn Gladiator began the quest for the
                  | Orb.
     0 | D:1      | Reached XP level 1. HP: 16/16 MP: 1/1
   101 | D:1      | Gained mutation: You have a somewhat thin skeletal
                  | structure. (Dex +2, Stealth+) [demonic ancestry]
   101 | D:1      | Reached XP level 2. HP: 7/22 MP: 2/2
   618 | D:1      | Reached XP level 3. HP: 26/27 MP: 3/3
   668 | D:1      | Noticed an eye of devastation
   669 | D:1      | Found a faded altar of an unknown god.
   677 | D:1      | Noticed a shining eye
   677 | D:1      | Noticed a shining eye
   677 | D:1      | Noticed a shining eye
   682 | D:1      | Became a worshipper of Uskayaw the Reveller
   682 | D:1      | Reached * piety under Uskayaw
  1292 | D:2      | Reached ** piety under Uskayaw
  1294 | D:2      | Reached skill level 1 in Short Blades
  2172 | D:2      | Noticed Sigmund
  2493 | D:3      | Reached XP level 4. HP: 31/33 MP: 4/4
  2586 | D:3      | Found a glowing drain.
  2631 | Sewer    | Entered a sewer
  3814 | Sewer    | Slain by a river rat

Illustrated notes

Levels and vault maps discovered:
D:1:      zaba_arrival_water, layout_loops_cross,
          hellmonk_ecumenical_altar_watching_god, minmay_vboxes
D:2:      layout_basic, uniq_sigmund
D:3:      kennysheep_the_goblin_king, layout_rooms, gup_sewer_entry_pipe,
          kennysheep_cross_room, kennysheep_small_spiral
Sewer:    sewer_minmay_treatment

Skill      XL: |  1  2  3  4 |
---------------+-------------+-----
Polearms       | 3 |  3.9
Short Blades   | 1 3 |  3.1
Fighting       | |  2.0
Throwing       | |  1.7
Dodging        | |  2.6

Action                   |  1- 3 |  4- 6 || total
-------------------------+-------+-------++-------
Melee: Trident           |    82 |       ||    82
       Dagger            |    38 |       ||    38
       Short sword       |    27 |   220 ||   247
Throw: Stone             |       |     2 ||     2
Invok: Stomp             |       |     1 ||     1
 Stab: Sleeping          |    12 |     1 ||    13
Armor: Leather armour    |    24 |    40 ||    64
Dodge: Dodged            |    80 |   122 ||   202
